 Dungeon Crawl Stone Soup version 0.21.1-1-g345015fe64 (webtiles) character file.

0 Jannitor the Ducker (level 1, 6/11 HPs)
             Began as a Spriggan Abyssal Knight on May 15, 2018.
             Was an Initiate of Lugonu.
             Quit the game on level 1 of the Dungeon.
             The game lasted 00:01:15 (233 turns).

Jannitor the Ducker (Spriggan Abyssal Knight)        Turns: 233, Time: 00:01:16

Health: 6/11       AC:  2    Str:  8    XL:     1   Next: 0%
Magic:  2/3        EV: 18    Int: 13    God:    Lugonu [......]
Gold:   12         SH:  0    Dex: 15    Spells: 0/0 levels left

rFire    . . .     SeeInvis +   a - +1 short sword
rCold    . . .     Gourm    .   (shield restricted)
rNeg     . . .     Faith    .   b - +0 robe
rPois    .         Spirit   .   (helmet restricted)
rElec    .         Reflect  .   (no cloak)
rCorr    .         Harm     .   (gloves unavailable)
MR       .....                  (boots unavailable)
Stlth    +.........             (no amulet)
HPRegen  0.03/turn              (no ring)
MPRegen  0.08/turn              (no ring)

@: very quick
A: very small, unfitting armour, see invisible, herbivore, speed 3, slow
metabolism 2
a: Renounce Religion


You were on level 1 of the Dungeon.
You worshipped Lugonu.
Lugonu was noncommittal.
You were not hungry.

You visited 1 branch of the dungeon, and saw 1 of its levels.
You visited the Abyss 1 time.

You collected 12 gold pieces.

Inventory:

Hand Weapons
 a - a +1 short sword (weapon)
Missiles
 e - 16 arrows
Armour
 b - a +0 robe (worn)
Comestibles
 c - a ration


   Skills:
 + Level 2.4 Fighting
 + Level 2.1 Short Blades
 + Level 3.5 Dodging
 + Level 1.7 Invocations


You couldn't memorise any spells.
You didn't know any spells.

Dungeon Overview and Level Annotations

Branches:
Dungeon (1/15)

Altars:


Innate Abilities, Weirdness & Mutations

You are very small and have problems with some larger weapons.
You are too small for most types of armour.
You have supernaturally acute eyesight. (SInv)
You are a herbivore.
You cover ground extremely quickly.
You need consume almost no food.


Message History

The fire bat misses you. The fire bat completely misses you.
The tarantella bites you. The tarantella barely misses you.
You pass through the gate.
You can no longer depart the Abyss at will.
Found a scroll labeled LIWNIS SUHAG, 10 gold pieces and a dagger.
There is a staircase leading out of the dungeon here.
Okay, then.
Unknown command.
As you read the scroll labeled LIWNIS SUHAG, it crumbles to dust.
You assume a fearsome visage.
Nothing appears to happen.
It was a scroll of fear.
As you read the scroll labeled OTHEAN MEERE, it crumbles to dust.
You feel blessed for a moment.
It was a scroll of remove curse.
As you read the scroll labeled NUPIPU ZUTAQA, it crumbles to dust.
It is a scroll of identify.
f - a potion of degeneration Drop what? 5/52 slots (_ for help) (? for menu, Esc to quit)
You drop a potion of degeneration.
Are you sure you want to abandon this character and quit the game? (Confirm with "yes".)

## $.. ?...
.....
###...###
#......@#
#.......#
.........
....#.....
... .......
#. .....#...
# ......#...)
##...###....#


There were no monsters in sight!

Vanquished Creatures (others)
  A kobold (D:1)
  2 starspawn tentacles (Abyss:1)
3 creatures vanquished.

Notes
Turn   | Place    | Note
-------+----------+-------------------------------------------
     0 | Abyss:1  | Jannitor the Spriggan Abyssal Knight began the quest for the Orb.
     0 | Abyss:1  | Reached XP level 1. HP: 11/11 MP: 3/3
     2 | Abyss:1  | Found a corrupted altar of Lugonu.
    31 | Abyss:1  | Found a corrupted altar of Lugonu.
    64 | Abyss:1  | Noticed a small abomination
    90 | Abyss:1  | Found a hazy altar of Hepliaklqana.
   131 | Abyss:1  | Noticed a worldbinder
   149 | Abyss:1  | Noticed a tentacled starspawn
   153 | Abyss:1  | Noticed a jumping spider
   153 | Abyss:1  | Noticed a jumping spider
   154 | Abyss:1  | Noticed a large abomination
   177 | Abyss:1  | Noticed an eye of draining
   188 | Abyss:1  | Noticed a tarantella
   189 | Abyss:1  | Noticed a jumping spider
   189 | Abyss:1  | Noticed a tarantella
   220 | Abyss:1  | Noticed a small abomination
   222 | Abyss:1  | Noticed a fire bat
   223 | Abyss:1  | Noticed a tarantella
   228 | D:1      | Escaped the Abyss
   233 | D:1      | Quit the game

Action                   || total
-------------------------++-------
Melee: Short sword       ||     4
Invok: Depart the Abyss  ||     1
  Use: Scroll            ||     3
Dodge: Dodged            ||     6
